 Dungeon Crawl Stone Soup version 0.30.1-9-gdf580d7c3d (webtiles) character file.

Game seed: 18167110077384970757

200 KittyFluff the Cudgeller (level 5, -9/33 HPs)
             Began as a Gargoyle Berserker on Oct 10, 2023.
             Was a Priest of Trog.
             Mangled by Menkaure (17 damage)
             ... on level 4 of the Dungeon.
             The game lasted 00:11:29 (2825 turns).

KittyFluff the Cudgeller (Gargoyle Berserker)       Turns: 2825, Time: 00:11:30

Health: -9/33      AC:  8    Str: 23    XL:     5   Next: 78%
Magic:  5/5        EV: 11    Int:  7    God:    Trog [***...]
Gold:   149        SH:  0    Dex:  9    Spells: 4/4 levels left

rFire   . . .        a - +0 mace
rCold   . . .        (no shield)
rNeg    + . .        j - +0 leather armour
rPois   ∞            (no helmet)
rElec   +            (no cloak)
rCorr   .            p - +0 pair of gloves
SInv    .            (no boots)
Will    .....        (no amulet)
Stlth   +            (no ring)
HPRegen 0.25/turn    (no ring)
MPRegen 0.09/turn

%: no passive effects
@: no status effects
A: sickness immunity, AC +4, negative energy resistance 1, electricity
resistance, torment resistance 1, petrification resistance
a: Renounce Religion, Berserk, Trog's Hand


You were on level 4 of the Dungeon.
You worshipped Trog.
Trog was most pleased with you.
You visited 1 branch of the dungeon, and saw 4 of its levels.

You collected 149 gold pieces.

Inventory:

Hand Weapons
 a - a +0 mace (weapon)
 q - a +2 whip of electrocution
Missiles
 u - 7 poisoned darts (quivered)
Armour
 j - a +0 leather armour (worn)
 p - a +0 pair of gloves (worn)
Jewellery
 d - a ring of ice
Scrolls
 b - a scroll of magic mapping {unknown}
 g - 2 scrolls of identify {unknown}
 h - 2 scrolls of fog {unknown}
 i - a scroll of blinking {unknown}
 k - 3 scrolls of teleportation {unknown}
 m - 2 scrolls of noise {unknown}
 o - 3 scrolls of torment {unknown}
 r - a scroll of brand weapon {unknown}
Potions
 c - a potion of brilliance {unknown}
 e - 3 potions of curing {unknown}
 f - 2 potions of heal wounds {unknown}
 l - 2 potions of degeneration {unknown}
 n - a potion of resistance {unknown}
 s - a potion of attraction {unknown}
 t - 2 potions of lignification {unknown}


   Skills:
 + Level 4.2 Fighting
 * Level 4.4 Maces & Flails
 * Level 3.8 Armour
 + Level 2.3 Dodging


You had 4 spell levels left.
You didn't know any spells.
Your spell library was empty.

Dungeon Overview and Level Annotations

Branches:
Dungeon (4/15)
 Temple: D:4-7

Altars:

Shops:
D:2 =   D:4 [

Annotations:
D:4 Menkaure


Innate Abilities, Weirdness & Mutations

You are immune to sickness and miasma.
Your stone body is resilient. (AC +4)
You are immune to poison.
You resist negative energy. (rN+)
You are resistant to electric shocks. (rElec)
You are resistant to unholy torment.
You are immune to petrification.


Message History

a +0 short sword; a kobold corpse A giant cockroach comes into view.
The giant cockroach bites you but does no damage.
The giant cockroach bites you.
You hit the giant cockroach.
You kill the giant cockroach!
Trog accepts your kill.
You see here a giant cockroach corpse.
Found a mace.
Menkaure, Prince of Dust comes into view.
Menkaure shouts!
Menkaure gestures wildly while chanting.
Menkaure seems to speed up.
A goblin comes into view. It is wielding a +0 club.
The goblin shouts!
Found 10 gold pieces.
Menkaure murmurs, "Let me perform the rites..."
Menkaure calls on the powers of darkness!
Your body is wracked with pain!
The goblin convulses!
The goblin hits you with a +0 club.
You hit Menkaure but do no damage.
Menkaure murmurs, "Let me perform the rites..."
Menkaure closely misses you. The goblin hits you with a +0 club.
You thump Menkaure!
Menkaure is moderately damaged.
Menkaure casts a spell at you.
You are unaffected.
The goblin hits you but does no damage. Menkaure closely misses you.
You hit Menkaure.
Menkaure is heavily damaged.
The goblin hits you but does no damage. Menkaure barely misses you.
You hit Menkaure.
Menkaure is severely damaged.
Menkaure hits you!
* * * LOW HITPOINT WARNING * * *
The goblin hits you but does no damage.
Menkaure blazes with dark energy!
Menkaure hits you!
Ouch! That really hurt!
You die...

#### ...# ...# ######
$..# ##....######## ...#
.)....#......#####..)#
##.....†........@g...#
#....#######....M...#
##....###.......#.......#
.>........#.#.......#####
##....####..#.....###
......####. #.##..#
##......... .....##
....###### ###....
..........


You could see Menkaure (fast) and a goblin.

Vanquished Creatures
  Jessica (D:3)
  7 adders
  4 worms
  3 dart slugs
  3 orcs
  8 endoplasms
  5 giant cockroaches
  5 goblins
  6 hobgoblins
  10 jackals
  5 quokkas
  6 ball pythons
  9 bats
  2 frilled lizards (D:1)
  3 kobolds
  10 rats
87 creatures vanquished.

Notes
Turn   | Place    | Note
-------+----------+-------------------------------------------
     0 | D:1      | KittyFluff the Gargoyle Berserker began the quest for the
                  | Orb.
     0 | D:1      | Reached XP level 1. HP: 14/14 MP: 1/1
   126 | D:1      | Reached XP level 2. HP: 19/19 MP: 2/2
   492 | D:1      | Reached XP level 3. HP: 23/23 MP: 3/3
   607 | D:1      | Found a faded altar of an unknown god.
   710 | D:1      | Reached ** piety under Trog
  1207 | D:2      | Found Cab Zaygg's One-of-a-Kind Rings.
  1242 | D:2      | Reached XP level 4. HP: 26/29 MP: 4/4
  1756 | D:3      | Reached XP level 5. HP: 33/33 MP: 5/5
  2033 | D:3      | Noticed Jessica
  2037 | D:3      | Killed Jessica
  2138 | D:3      | Reached *** piety under Trog
  2781 | D:4      | Found Vijosm's Armour Shoppe.
  2816 | D:4      | Noticed Menkaure
  2825 | D:4      | Mangled by Menkaure

Illustrated notes

Levels and vault maps discovered:
D:1:      lemuel_arrival_tunnels, layout_basic, serial_forest,
          infiniplex_forest_clump_small, infiniplex_forest_diagonal,
          infiniplex_forest_straight_3, infiniplex_forest_clump_tiny,
          infiniplex_forest_clump_double, infiniplex_forest_lined_room_2,
          infiniplex_forest_end_2, infiniplex_forest_corner_1,
          infiniplex_forest_zigzag_2, shapermc_ecumenical_altar_notcrosses
D:2:      layout_loops_cross, serial_glass, glass_columns_a, glass_columns_b,
          glass_columns_b, glass_columns_a, glass_columns_a, glass_columns_a,
          glass_columns_a, glass_columns_a, nicolae_shop_unique_rings
D:3:      layout_basic, nicolae_figureground_sparkle, uniq_jessica
D:4:      layout_rooms, yredelemnul_forgotten_temple_becter, serial_shops,
          kennysheep_little_box, interstate_on_off, uniq_menkaure

Skill      XL: |  1  2  3  4  5 |
---------------+----------------+-----
Armour         | 3 |  3.8
Dodging        | 2 |  2.3
Maces & Flails | 4 |  4.4
Fighting       | 4 |  4.2

Action                     |  1- 3 |  4- 6 || total
---------------------------+-------+-------++-------
  Melee: Mace              |   130 |   167 ||   297
 Armour: Animal skin       |    21 |       ||    21
         Leather armour    |    33 |    73 ||   106
  Dodge: Dodged            |    94 |   121 ||   215
